[Event "3rd BSSZ-Aranytiz IM 2019"]
[Site "Budapest"]
[Date "2019.08.24"]
[Round "8.1"]
[White "Juhasz, Barbara"]
[Black "Luong, Phuong Hanh"]
[Result "0-1"]
[ECO "B43"]
[WhiteElo "2157"]
[BlackElo "2313"]
[Annotator "NA"]
[PlyCount "104"]
[EventDate "2019.08.16"]
[EventType "tourn"]
[EventCountry "HUN"]
[SourceTitle "playchess.com"]
[Source "ChessBase"]
[SourceQuality "1"]
[TimeControl "40/5400+30:1800+30"]

1. e4 c5 2. Nf3 e6 3. d4 cxd4 4. Nxd4 a6 5. Nc3 Qc7 6. Bd3 Nf6 7. O-O Bc5 8. Nb3 Be7 9. f4 d6 10. e5 Nfd7 11. exd6 Bxd6 12. Ne4 Be7 13. Qh5 Nf6 14. Nxf6+ Bxf6 15. Be3 Nc6 16. c3 Ne7 17. Rae1 Bd7 18. Kh1 Bc6 19. Nd4 g6 20. Qh3 O-O 21. Nf3 Rad8 22. Bb1 Bb5 23. Rf2 Bd3 24. Bd4 Bxd4 25. Nxd4 Bxb1 26. Rxb1 b5 27. Qe3 Nd5 28. Qe4 b4 29. cxb4 Qc4 30. Rc2 Qxa2 31. Rd1 Nxb4 32. Rcd2 Qd5 33. Qe3 Qh5 34. Qb3 a5 35. Nf3 Nd5 36. Qa4 Nb6 37. Qc6 Rxd2 38. Rxd2 Nd5 39. Qa4 Qf5 40. g3 Rc8 41. Kg2 Ne3+ 42. Kf2 Nc4 43. Rd4 Nxb2 44. Qd7 Rc2+ 45. Nd2 Qc5 46. Qd8+ Kg7 47. Kf3 Qh5+ 48. Kg2 Qe2+ 49. Kh3 Nd1 50. Qxa5 Nf2+ 51. Kg2 Nd3+ 52. Kh3 Rxd2 0-1

[Event "3rd BSSZ-Aranytiz IM 2019"]
[Site "Budapest"]
[Date "2019.08.24"]
[Round "8.2"]
[White "Urhegyi, Marton"]
[Black "Maerevoet, Sim"]
[Result "1/2-1/2"]
[ECO "B53"]
[WhiteElo "2256"]
[BlackElo "2321"]
[Annotator "NA"]
[PlyCount "48"]
[EventDate "2019.08.16"]
[EventType "tourn"]
[EventCountry "HUN"]
[SourceTitle "playchess.com"]
[Source "ChessBase"]
[SourceQuality "1"]
[TimeControl "40/5400+30:1800+30"]

1. e4 c5 2. Nf3 d6 3. d4 cxd4 4. Qxd4 a6 5. Be2 Nc6 6. Qe3 g6 7. O-O Bg7 8. c4 Nf6 9. h3 O-O 10. Rd1 Nd7 11. Nc3 Nc5 12. Rb1 a5 13. b3 Bxc3 14. Qxc3 Nxe4 15. Qe3 Nc5 16. Bb2 f6 17. Nd4 Nxd4 18. Rxd4 b6 19. Rbd1 Bb7 20. h4 Rf7 21. h5 Rg7 22. hxg6 Rxg6 23. Rg4 Qf8 24. Rdd4 Qg7 1/2-1/2

[Event "3rd BSSZ-Aranytiz IM 2019"]
[Site "Budapest"]
[Date "2019.08.24"]
[Round "8.3"]
[White "Hamblok, Roel"]
[Black "Nemeth, Zoltan"]
[Result "0-1"]
[ECO "D02"]
[WhiteElo "2261"]
[BlackElo "2275"]
[Annotator "NA"]
[PlyCount "78"]
[EventDate "2019.08.16"]
[EventType "tourn"]
[EventCountry "HUN"]
[SourceTitle "playchess.com"]
[Source "ChessBase"]
[SourceQuality "1"]
[TimeControl "40/5400+30:1800+30"]

1. d4 d5 2. Nf3 e6 3. g3 Bd6 4. Bg2 c6 5. O-O f5 6. c4 Nf6 7. Nbd2 Nbd7 8. Qc2 O-O 9. Ne1 Qe7 10. Nd3 b6 11. Nf3 Bb7 12. Bf4 c5 13. cxd5 Bxd5 14. Bxd6 Qxd6 15. dxc5 Nxc5 16. Nf4 Be4 17. Qc4 Nd5 18. Rfd1 Qe7 19. b4 Na4 20. Qb3 Nac3 21. Nxd5 Nxd5 22. Nd4 Bxg2 23. Kxg2 Rad8 24. Kg1 Rd6 25. b5 f4 26. Rac1 Qf6 27. Rc6 fxg3 28. Qxg3 Rxc6 29. bxc6 e5 30. Qb3 Qxf2+ 31. Kh1 exd4 32. Qxd5+ Kh8 33. Qe4 Qf6 34. c7 Qf7 35. Rc1 Qd7 36. Qb7 Rc8 37. Qxa7 Qd5+ 38. e4 Qxe4+ 39. Kg1 Qe3+ {[%emt 0:00:01] Ra1} 0-1

[Event "3rd BSSZ-Aranytiz IM 2019"]
[Site "Budapest"]
[Date "2019.08.24"]
[Round "8.4"]
[White "Persanyi, Barnabas"]
[Black "Martic, Zlatko"]
[Result "1/2-1/2"]
[ECO "A04"]
[WhiteElo "2399"]
[BlackElo "2284"]
[Annotator "NA"]
[PlyCount "95"]
[EventDate "2019.08.16"]
[EventType "tourn"]
[EventCountry "HUN"]
[SourceTitle "playchess.com"]
[Source "ChessBase"]
[SourceQuality "1"]
[TimeControl "40/5400+30:1800+30"]

1. Nf3 c5 2. c4 Nf6 3. g3 b6 4. Bg2 Bb7 5. O-O g6 6. b3 Bg7 7. Bb2 O-O 8. d4 cxd4 9. Qxd4 Nh5 10. Qd2 Bxb2 11. Qxb2 d6 12. Ne5 Bxg2 13. Ng4 f6 14. Kxg2 d5 15. Qd4 dxc4 16. Qxc4+ Kh8 17. Nc3 Qc8 18. Qxc8 Rxc8 19. Nd5 Nc6 20. Rac1 f5 21. Nge3 e6 22. Nc3 Nf6 23. Rfd1 Ne7 24. Nb5 Ned5 25. Nxd5 Nxd5 26. Nd6 Rxc1 27. Rxc1 Kg7 28. e4 fxe4 29. Nxe4 h6 30. Rc6 Kf7 31. Nc3 Ne7 32. Rc7 Rc8 33. Rxc8 Nxc8 34. Kf3 e5 35. Ke4 Ke6 36. Nb5 Nd6+ 37. Nxd6 Kxd6 38. h3 Ke6 39. h4 b5 40. a3 a5 41. a4 bxa4 42. bxa4 Kd6 43. g4 Ke6 44. h5 gxh5 45. gxh5 Kf6 46. f4 exf4 47. Kxf4 Ke6 48. Ke4 {[%emt 0:00:07] Ke5+} 1/2-1/2

[Event "3rd BSSZ-Aranytiz IM 2019"]
[Site "Budapest"]
[Date "2019.08.24"]
[Round "8.5"]
[White "Farago, Sandor"]
[Black "Havanecz, Bianka"]
[Result "0-1"]
[ECO "C77"]
[WhiteElo "2211"]
[BlackElo "2281"]
[Annotator "NA"]
[PlyCount "110"]
[EventDate "2019.08.16"]
[EventType "tourn"]
[EventCountry "HUN"]
[SourceTitle "playchess.com"]
[Source "ChessBase"]
[SourceQuality "1"]
[TimeControl "40/5400+30:1800+30"]

1. e4 e5 2. Nf3 Nc6 3. Bb5 a6 4. Ba4 Nf6 5. d3 d6 6. c3 Be7 7. O-O O-O 8. Re1 Re8 9. Nbd2 Bf8 10. Nf1 h6 11. Ng3 b5 12. Bc2 d5 13. Qe2 Be6 14. h3 dxe4 15. dxe4 Nd7 16. Rd1 Qf6 17. Be3 Rad8 18. Nh2 Nc5 19. Ng4 Qg6 20. Rd5 Nd7 21. a4 b4 22. a5 Ra8 23. Ba4 Bxd5 24. exd5 Ncb8 25. Bc2 e4 26. Nh5 bxc3 27. bxc3 Bd6 28. Nf4 Qf5 29. g3 Nc5 30. c4 Nbd7 31. Ng2 Qh7 32. Bd4 Rab8 33. Ra3 f5 34. N4e3 Nd3 35. Rc3 Be5 36. Bxe5 N7xe5 37. Nh4 f4 38. gxf4 Nxf4 39. Qf1 Rf8 40. Kh1 Nfd3 41. Nd1 g5 42. Ng2 Rf3 43. Nge3 Qd7 44. Bxd3 Rxh3+ 45. Kg2 exd3 46. Rxd3 Rf3 47. Rc3 Rbf8 48. Qh1 Kg7 49. Qh2 Ng6 50. c5 Nh4+ 51. Kf1 Qb5+ 52. Kg1 R8f4 53. Qh1 Qe2 54. Rc2 Qe1+ 55. Kh2 Rh3+ 0-1

[Event "3rd BSSZ-Aranytiz IM 2019"]
[Site "Budapest"]
[Date "2019.08.25"]
[Round "9.1"]
[White "Havanecz, Bianka"]
[Black "Juhasz, Barbara"]
[Result "1/2-1/2"]
[ECO "E73"]
[WhiteElo "2281"]
[BlackElo "2157"]
[Annotator "NA"]
[PlyCount "50"]
[EventDate "2019.08.16"]
[EventType "tourn"]
[EventCountry "HUN"]
[SourceTitle "playchess.com"]
[Source "ChessBase"]
[SourceQuality "1"]
[TimeControl "40/5400+30:1800+30"]

1. d4 Nf6 2. c4 g6 3. Nc3 Bg7 4. e4 d6 5. Be2 O-O 6. Be3 e5 7. d5 Na6 8. g4 Nc5 9. f3 h5 10. h3 Nh7 11. Qd2 h4 12. g5 f6 13. gxf6 Bxf6 14. Rh2 Bg5 15. Rg2 Bxe3 16. Qxe3 Qf6 (16... Kg7 $11 {keeps the balance.}) 17. O-O-O (17. Qh6 $16 g5 18. Qxh4) 17... Kg7 (17... Bd7 $11) 18. Bf1 $11 ({White should play} 18. b4 Na6 19. a3) 18... a5 19. Re1 Bd7 20. Kb1 Qf4 21. Nd1 Qxe3 22. Nxe3 Rf7 23. Kc2 Raf8 24. Be2 Kh6 25. b3 Nf6 1/2-1/2

[Event "3rd BSSZ-Aranytiz IM 2019"]
[Site "Budapest"]
[Date "2019.08.25"]
[Round "9.2"]
[White "Martic, Zlatko"]
[Black "Farago, Sandor"]
[Result "1-0"]
[ECO "A01"]
[WhiteElo "2284"]
[BlackElo "2211"]
[Annotator "NA"]
[PlyCount "107"]
[EventDate "2019.08.16"]
[EventType "tourn"]
[EventCountry "HUN"]
[SourceTitle "playchess.com"]
[Source "ChessBase"]
[SourceQuality "1"]
[TimeControl "40/5400+30:1800+30"]

1. b3 e5 2. Bb2 Nc6 3. e3 Nf6 4. Nf3 d6 5. Bb5 e4 6. Nd4 Bd7 7. d3 d5 8. Nd2 a6 9. Nxc6 $16 bxc6 10. Ba4 exd3 11. cxd3 a5 12. O-O Be7 13. Rc1 Ra6 14. Nf3 c5 15. Bxd7+ Nxd7 16. Bxg7 Rg8 17. Bc3 Rag6 18. g3 Bd6 19. d4 c6 20. dxc5 Nxc5 21. Be5 Be7 22. Nd4 Qd7 23. Bf4 Ne4 24. Qh5 Bg5 25. Rc2 Rh6 26. Qf3 c5 27. Rfc1 Qh3 28. Qg2 Rgg6 29. Qxh3 Rxh3 30. Ne2 Rgh6 31. f3 Rxh2 32. fxe4 dxe4 33. Kf1 Rh1+ 34. Ng1 Bxf4 35. exf4 R6h3 36. Rg2 h5 37. Rxc5 h4 38. Rh5 f5 39. Rxh4 Rxh4 40. gxh4 Rxh4 41. Ne2 Kf7 42. Rg5 Kf6 43. Rg8 Rh1+ 44. Kf2 Ra1 45. a4 Rd1 46. Ra8 Rd3 47. Ra6+ Kg7 48. Rxa5 Rxb3 49. Rxf5 Ra3 50. a5 Kg6 51. Rb5 Kf6 52. Nd4 Rd3 53. Rd5 Ra3 54. Ke2 1-0

[Event "3rd BSSZ-Aranytiz IM 2019"]
[Site "Budapest"]
[Date "2019.08.25"]
[Round "9.3"]
[White "Nemeth, Zoltan"]
[Black "Persanyi, Barnabas"]
[Result "1-0"]
[ECO "C68"]
[WhiteElo "2275"]
[BlackElo "2399"]
[Annotator "ChessBase"]
[PlyCount "129"]
[EventDate "2019.08.16"]
[EventType "tourn"]
[EventCountry "HUN"]
[SourceTitle "playchess.com"]
[Source "ChessBase"]
[SourceQuality "1"]
[TimeControl "40/5400+30:1800+30"]

1. e4 e5 2. Nf3 Nc6 3. Bb5 a6 4. Bxc6 dxc6 5. O-O Bg4 6. h3 h5 7. c3 Qf6 8. d4 Bxf3 9. Qxf3 Qxf3 10. gxf3 exd4 11. cxd4 O-O-O 12. Be3 Ne7 13. Rd1 Ng6 14. Kf1 Ne5 15. Nd2 Ng6 16. Nb3 Be7 17. Ke2 Nf8 18. Rd2 g6 19. Rc1 Ne6 20. Nc5 Bxc5 21. dxc5 Rxd2+ 22. Kxd2 f5 23. exf5 gxf5 24. f4 Rg8 25. Ke2 Kd7 26. Rd1+ Ke7 27. b4 a5 28. bxa5 Ra8 29. Bd2 Nxc5 30. Bb4 b6 31. Rd3 Ra6 32. Ra3 Ke6 33. axb6 Rxa3 34. Bxa3 cxb6 35. Bxc5 bxc5 36. Kd3 Kd5 37. h4 c4+ 38. Kc3 Kc5 39. a4 Kd5 40. a5 Kc5 41. a6 Kb6 42. Kxc4 Kxa6 43. Kc5 Kb7 44. Kd6 Kb6 45. Ke5 Kc7 46. Kxf5 Kd7 47. Kg6 c5 48. f5 c4 49. f6 c3 50. f7 c2 51. f8=Q c1=Q 52. Qf5+ Kc7 53. Kxh5 Qd1+ 54. f3 Kd6 55. Qf6+ Kd7 56. Kh6 Ke8 57. f4 Qd2 58. h5 Qc1 59. Qg5 Kf8 60. f5 Qb2 61. f6 Qb7 62. Qe5 Qd7 63. Qe7+ Qxe7 64. fxe7+ Kxe7 65. Kg7 1-0

[Event "3rd BSSZ-Aranytiz IM 2019"]
[Site "Budapest"]
[Date "2019.08.25"]
[Round "9.4"]
[White "Maerevoet, Sim"]
[Black "Hamblok, Roel"]
[Result "1-0"]
[ECO "D37"]
[WhiteElo "2321"]
[BlackElo "2261"]
[Annotator "NA"]
[PlyCount "75"]
[EventDate "2019.08.16"]
[EventType "tourn"]
[EventCountry "HUN"]
[SourceTitle "playchess.com"]
[Source "ChessBase"]
[SourceQuality "1"]
[TimeControl "40/5400+30:1800+30"]

1. d4 d5 2. c4 e6 3. Nc3 Be7 4. Nf3 Nf6 5. Bf4 O-O 6. e3 b6 7. Bd3 c5 8. cxd5 Nxd5 9. Nxd5 exd5 10. Ne5 cxd4 11. exd4 Bb4+ 12. Kf1 Ba6 13. Bxa6 Nxa6 14. Qa4 Qc8 15. Rc1 Qb7 16. Nc6 b5 17. Qb3 $16 Be7 18. g3 Rac8 19. Qxd5 Rfd8 20. Qe4 Bf6 21. d5 Re8 22. Qf3 Bxb2 23. Rc2 Bf6 24. Kg2 Qd7 25. Rhc1 h5 26. h4 b4 27. d6 Nb8 28. Nxb4 Rxc2 29. Rxc2 Qf5 30. Qd5 Qxd5+ 31. Nxd5 Bd8 32. Rc8 Nd7 33. Ra8 Nb6 34. Nxb6 axb6 35. d7 Rf8 36. Bd6 Be7 37. Rxf8+ Kxf8 38. d8=R# 1-0

[Event "3rd BSSZ-Aranytiz IM 2019"]
[Site "Budapest"]
[Date "2019.08.25"]
[Round "9.5"]
[White "Luong, Phuong Hanh"]
[Black "Urhegyi, Marton"]
[Result "1/2-1/2"]
[ECO "D11"]
[WhiteElo "2313"]
[BlackElo "2256"]
[Annotator "ChessBase"]
[PlyCount "122"]
[EventDate "2019.08.16"]
[EventType "tourn"]
[EventCountry "HUN"]
[SourceTitle "playchess.com"]
[Source "ChessBase"]
[SourceQuality "1"]
[TimeControl "40/5400+30:1800+30"]

1. d4 d5 2. c4 c6 3. Nf3 Nf6 4. Qc2 dxc4 5. Qxc4 Bg4 6. Nc3 Nbd7 7. e4 e5 8. Be3 Qa5 9. Nxe5 Nxe5 10. dxe5 Be6 11. Qd4 Ng4 12. f4 Bb4 13. a3 Bxc3+ 14. bxc3 Rd8 15. Qc5 Qa4 16. Be2 b6 17. Qb4 Qxb4 18. axb4 Nxe3 19. Kf2 Ng4+ 20. Kg3 Nh6 21. f5 Bc8 22. Rxa7 O-O 23. Kf4 Rd2 24. Bf3 Rd3 25. Rc1 f6 26. exf6 gxf6 27. Be2 Rd7 28. Bc4+ Nf7 29. Rca1 Rfd8 30. Be6 Rxa7 31. Rxa7 Bxe6 32. fxe6 Ng5 33. Kf5 Re8 34. e5 Nxe6 35. exf6 Nd8 36. Rg7+ Kf8 37. Rxh7 Nf7 38. h4 Re2 39. g3 Re3 40. Kf4 Re6 41. Kf5 Re3 42. Rg7 Rf3+ 43. Ke6 Re3+ 44. Kd7 Rf3 45. Kc7 Rxf6 46. Rg4 b5 47. Rf4 Re6 48. g4 Kg7 49. g5 Ne5 50. h5 Nc4 51. Kd7 Re5 52. h6+ Kg8 53. g6 Rh5 54. Kxc6 Ne5+ 55. Kb6 Nxg6 56. Rf6 Ne5 57. Ka6 Nc4 58. Rc6 Na3 59. Ka5 Nc4+ 60. Ka6 Na3 61. Ka5 Nc4+ 1/2-1/2